 Dungeon Crawl Stone Soup version 0.29.0-4-gdea44cf6ec (webtiles) character file.

Game seed: 16125140160127874938

13385 qw the Cleaver (level 12, -3/77 HPs)
             Began as a Gargoyle Berserker on Sept 6, 2022.
             Was an Elder of Trog.
             Slain by a nine-headed hydra (9 damage)
             ... on level 2 of the Lair of Beasts.
             The game lasted 00:03:43 (11452 turns).

qw the Cleaver (Gargoyle Berserker)                Turns: 11452, Time: 00:03:44

Health: -3/77      AC: 25    Str: 25    XL:     12   Next: 5%
Magic:  12/12      EV:  7    Int:  9    God:    Trog [****..]
Gold:   333        SH:  5    Dex:  9    Spells: 11/11 levels left

rFire   . . .      SeeInvis .   o - +0 war axe (venom)
rCold   . . .      Faith    .   e - +0 buckler
rNeg    + . .      Spirit   .   c - +0 plate armour
rPois   inf        Reflect  .   (no helmet)
rElec   +          Harm     .   (no cloak)
rCorr   .          Rampage  .   k - +0 pair of gloves
Will    .....                   g - +0 pair of boots
Stlth   ..........              (no amulet)
HPRegen 0.22/turn               (no ring)
MPRegen 0.13/turn               (no ring)

@: on berserk cooldown, slowed, very slow
A: sickness immunity, AC +8, negative energy resistance 1, electricity
resistance, torment resistance 1, petrification resistance
a: Renounce Religion, Berserk, Trog's Hand, Brothers in Arms


You were on level 2 of the Lair of Beasts.
You worshipped Trog.
Trog was greatly pleased with you.
You visited 2 branches of the dungeon, and saw 11 of its levels.

You collected 480 gold pieces.
You spent 147 gold pieces at shops.


Innate Abilities, Weirdness & Mutations

You are immune to sickness and miasma.
Your stone body is resilient. (AC +8)
You are immune to poison.
You resist negative energy. (rN+)
You are resistant to electric shocks. (rElec)
You are resistant to unholy torment.
You are immune to petrification.


   Skills:
 - Level 10.0 Fighting
 + Level 12.9 Axes
 - Level 1.2 Throwing
 - Level 9.0 Armour
 - Level 2.3 Dodging
 - Level 6.0 Shields


You had 11 spell levels left.
You didn't know any spells.
Your spell library was empty.

Inventory:

Hand Weapons
 o - a +0 war axe of venom (weapon)
Armour
 c - a +0 plate armour (worn)
 e - a +0 buckler (worn)
 g - a +0 pair of boots (worn)
 k - a +0 pair of gloves (worn)
Scrolls
 l - a scroll of identify
Potions
 d - 2 potions of haste
 h - a potion of resistance
 i - 3 potions of curing
 n - a potion of magic {unknown}

Dungeon Overview and Level Annotations

Branches:
Dungeon (9/15)             Temple (0/1) D:6            Lair (1/5) D:9
    Orc: D:9-12

Altars:
Makhleb
Okawaru
Ru
Trog

Shops:
D:2 (   D:8 [   D:9 [


Message History

You slice the yak!!
You kill the yak!
Trog accepts your kill.
You slash the yak!
The yak looks as sick as possible!
You hit the yak.
The yak is poisoned.
You hit the yak but do no damage. You hit the yak.
The yak looks as sick as possible!
The yak gores you but does no damage. The yak barely misses you.
The yak gores you.
A yak comes into view.
The yak barely misses you. The yak gores you. The yak gores you!
You block the yak's attack. The yak gores you.
The yak gores you but does no damage.
You closely miss the yak.
The yak is heavily wounded.
You closely miss the yak. You hit the yak but do no damage.
The yak looks as sick as possible!
You hit the yak but do no damage.
The yak is poisoned.
You slash the yak!
The yak looks as sick as possible!
The yak gores you but does no damage.
A basilisk comes into view.
The yak completely misses you. The yak barely misses you.
You block the yak's attack.
A catoblepas comes into view.
A yak comes into view.
The yak bellows!
You slash the yak!
The yak is almost dead.
You slash the yak!
The yak is poisoned.
You hit the yak.
The yak looks as sick as possible!
You barely miss the yak. You hit the yak.
The yak looks as sick as possible!
You lop one of the eight-headed hydra's heads off!
The seven-headed hydra grows two more!
You slash the nine-headed hydra!
The nine-headed hydra is poisoned.
You kill the yak!
Trog accepts your kill.
You can now call in reinforcements.
The yak gores you but does no damage.
A yak comes into view.
The yak gores you. x2; The yak gores you but does no damage.
The nine-headed hydra barely misses you.
The nine-headed hydra bites you but does no damage. x2
The nine-headed hydra bites you!
You die...

#######....#
#..##P..##....#
#..###.?......#
#...##..##....#
#...##...##...# ..
#.......##P...# ...#
#..###..###...##
.....#YY###..##.....##
.Y.Y.lY@##...##....#.#
YY....YDY...........##
.l...YYY$........)..#
..#......##.##.#...P#
#..#.....##....#...##
.. #.....##.....##..#
. .......##........##
........##.........#
..##....##.....##.##


You could see a catoblepas, a nine-headed hydra (very poisoned), 2 elephants, a
komodo dragon, 9 yaks and a basilisk.

Vanquished Creatures
  3 death yaks (D:9)
  10 elephants (Lair:1)
  Joseph (D:7)
  A black mamba (Lair:2)
  2 cane toads (Lair:2)
  A rime drake (Lair:2)
  A troll (D:9)
  A hornet (D:8)
  Prince Ribbit (D:7)
  10 yaks
  3 wyverns
  A basilisk (Lair:2)
  A steam dragon (D:6)
  Menkaure (D:7)
  3 water moccasins (Lair:2)
  An orc warrior (D:8)
  3 ice beasts
  4 ogres
  2 black bears
  4 centaurs
  6 bullfrogs
  2 kobold brigands
  4 scorpions
  2 necrophages
  4 wights (D:7)
  2 howler monkeys (D:7)
  4 hounds
  2 jellies
  An orc priest (D:8)
  A gnoll bouda (D:7)
  2 hell rats (D:9)
  5 iguanas
  An orc wizard (D:8)
  13 gnolls
  10 adders
  A river rat (D:9)
  A shadow imp (D:6)
  A white imp (D:5)
  4 worms
  A dart slug (D:3)
  19 orcs
  7 ball pythons
  5 bats
  8 endoplasms
  6 giant cockroaches
  7 goblins
  11 hobgoblins
  8 jackals
  7 quokkas
  7 frilled lizards
  18 kobolds
  12 rats
236 creatures vanquished.

Vanquished Creatures (collateral kills)
  A hydra (Lair:2)
  A yak (Lair:2)
2 creatures vanquished.

Vanquished Creatures (others)
  8 fungi
  7 plants
15 creatures vanquished.

Grand Total: 253 creatures vanquished

Notes
Turn   | Place    | Note
-------+----------+-------------------------------------------
     0 | D:1      | qw the Gargoyle Berserker began the quest for the Orb.
     0 | D:1      | Reached XP level 1. HP: 14/14 MP: 1/1
     0 | D:1      | 0 ||| qw: Version: 0.1-a-107-g9ff403c
     0 | D:1      | 0 ||| qw: Game counter: 6163
     0 | D:1      | 0 ||| qw: Always use a shield: true
     0 | D:1      | 0 ||| qw: Do Orc after D:15 true
     0 | D:1      | 0 ||| qw: Do second Lair branch before Depths: true
     0 | D:1      | 0 ||| qw: Lair rune preference: random
     0 | D:1      | 0 ||| qw: Plans: Normal
     0 | D:1      | 0 ||| PLANNING D:1-11
   253 | D:1      | Reached skill level 3 in Axes
   259 | D:1      | Reached XP level 2. HP: 19/19 MP: 2/2
   280 | D:1      | 280 ||| Stepping ~*~*~tactically~*~*~ (stealth).
   282 | D:1      | 282 ||| Stepping ~*~*~tactically~*~*~ (stealth).
   284 | D:1      | 284 ||| Stepping ~*~*~tactically~*~*~ (stealth).
   309 | D:1      | 309 ||| Stepping ~*~*~tactically~*~*~ (stealth).
   314 | D:1      | 314 ||| Stepping ~*~*~tactically~*~*~ (stealth).
   592 | D:1      | Reached XP level 3. HP: 21/23 MP: 3/3
   673 | D:1      | 673 ||| Stepping ~*~*~tactically~*~*~ (stealth).
   917 | D:1      | Reached skill level 4 in Axes
   930 | D:1      | 930 ||| Stepping ~*~*~tactically~*~*~ (stealth).
   975 | D:1      | 975 ||| UPGRADING to +0 chain mail.
   985 | D:1      | 985 ||| DROPPING +0 animal skin.
   986 | D:1      | 986 ||| UPGRADING to +0 pair of boots.
   991 | D:1      | 991 ||| READING scroll labelled OTTOMUITUO.
   992 | D:1      | 992 ||| READING scroll labelled ODEXOO ALUL.
   993 | D:1      | 993 ||| READING scroll labelled SYICIA ROREUR.
  1041 | D:2      | Reached ** piety under Trog
  1173 | D:2      | Found Taed Ross's Weapon Boutique.
  1180 | D:2      | 1180 ||| BUYING +0 flail (35 gold).
  1180 | D:2      | Bought a +0 flail for 35 gold pieces
  1180 | D:2      | 1180 ||| DROPPING +0 whip.
  1251 | D:2      | Found a faded altar of an unknown god.
  1263 | D:2      | Reached XP level 4. HP: 22/28 MP: 4/4
  1447 | D:2      | 1447 ||| Stepping ~*~*~tactically~*~*~ (stealth).
  1451 | D:2      | 1451 ||| Stepping ~*~*~tactically~*~*~ (stealth).
  1945 | D:2      | 1945 ||| DROPPING +6 ring of intelligence.
  1946 | D:2      | 1946 ||| READING scroll labelled CIAWIR SEONOYS.
  1947 | D:2      | 1947 ||| READING scroll labelled DITOLO BEWK.
  1948 | D:2      | 1948 ||| READING scroll labelled CERIWKESHY.
  1949 | D:2      | 1949 ||| READING scroll labelled GIAQIC XUTIO.
  1950 | D:2      | 1950 ||| READING scroll labelled QEZ RIABU YRGH.
  1953 | D:2      | 1953 ||| DRINKING 2 inky potions.
  1954 | D:2      | 1954 ||| DRINKING 2 grey potions.
  1971 | D:3      | 1971 ||| PLANNING SEWER
  2032 | D:3      | Reached skill level 5 in Axes
  2157 | D:3      | Found a sacrificial altar of Ru.
  2231 | D:3      | 2231 ||| Stepping ~*~*~tactically~*~*~ (stealth).
  2233 | D:3      | 2233 ||| Stepping ~*~*~tactically~*~*~ (stealth).
  2241 | D:3      | 2241 ||| Stepping ~*~*~tactically~*~*~ (stealth).
  2249 | D:3      | Reached XP level 5. HP: 32/32 MP: 5/5
  2249 | D:3      | Identified the +3 ring mail "Seofiod" {Str+3}
  2666 | D:3      | 2666 ||| Stepping ~*~*~tactically~*~*~ (hiding).
  2677 | D:3      | 2677 ||| RIP SEWER
  2681 | D:3      | Identified the +1 pair of boots "Omim" {Rampage *Corrode
                  | +Blink rPois}
  2683 | D:3      | 2683 ||| PLANNING D:1-11
  2920 | D:3      | Reached *** piety under Trog
  3191 | D:3      | 3191 ||| DROPPING +3 ring mail "Seofiod" {Str+3}.
  3192 | D:3      | 3192 ||| DROPPING +1 pair of boots "Omim" {Rampage *Corrode
                  | +Blink rPois}.
  3193 | D:3      | 3193 ||| READING 3 scrolls labelled HAREME ILOEXISYW.
  3194 | D:3      | 3194 ||| READING scroll labelled GEVUKAENGO.
  3195 | D:3      | 3195 ||| READING scroll labelled DUMES WIBO.
  3196 | D:3      | 3196 ||| DRINKING 2 metallic yellow potions.
  3197 | D:3      | 3197 ||| DRINKING 2 golden potions.
  3198 | D:3      | 3198 ||| DRINKING 2 puce potions.
  3199 | D:3      | 3199 ||| DROPPING potion of brilliance.
  3200 | D:3      | 3200 ||| DROPPING 2 scrolls of fog.
  3201 | D:3      | 3201 ||| DROPPING potion of attraction.
  3221 | D:4      | 3221 ||| Stepping ~*~*~tactically~*~*~ (hiding).
  3228 | D:4      | Noticed an ogre
  3230 | D:4      | 3230 ||| INVOKING Berserk.
  3232 | D:4      | Killed an ogre
  3233 | D:4      | Reached XP level 6. HP: 38/38 MP: 6/6
  3327 | D:4      | 3327 ||| Stepping ~*~*~tactically~*~*~ (hiding).
  3328 | D:4      | 3328 ||| Stepping ~*~*~tactically~*~*~ (hiding).
  3332 | D:4      | 3332 ||| INVOKING Berserk.
  3347 | D:4      | HP: 6/38 [gnoll/+0 halberd (8)]
  3348 | D:4      | 3348 ||| DRINKING potion of heal wounds.
  3358 | D:4      | Reached skill level 6 in Axes
  3364 | D:4      | 3364 ||| FLEEEEING.
  3365 | D:4      | 3365 ||| FLEEEEING.
  3366 | D:4      | 3366 ||| FLEEEEING.
  3369 | D:4      | 3369 ||| STAIRDANCE
  3523 | D:4      | 3523 ||| Stepping ~*~*~tactically~*~*~ (stealth).
  3530 | D:4      | 3530 ||| INVOKING Berserk.
  3536 | D:4      | Reached skill level 3 in Armour
  3554 | D:4      | 3554 ||| FLEEEEING.
  3556 | D:4      | 3556 ||| STAIRDANCE
  3746 | D:4      | 3746 ||| INVOKING Berserk.
  3752 | D:4      | Reached XP level 7. HP: 43/43 MP: 7/7
  3925 | D:4      | 3925 ||| Stepping ~*~*~tactically~*~*~ (stealth).
  3929 | D:4      | 3929 ||| INVOKING Berserk.
  4023 | D:4      | 4023 ||| Stepping ~*~*~tactically~*~*~ (stealth).
  4045 | D:4      | Reached skill level 7 in Axes
  4046 | D:4      | 4046 ||| FLEEEEING.
  4047 | D:4      | 4047 ||| FLEEEEING.
  4255 | D:5      | Entered Level 5 of the Dungeon
  4278 | D:5      | Found a bloodstained altar of Trog.
  4396 | D:5      | 4396 ||| Stepping ~*~*~tactically~*~*~ (hiding).
  4409 | D:5      | 4409 ||| INVOKING Berserk.
  4623 | D:5      | Found an iron altar of Okawaru.
  4652 | D:5      | 4652 ||| Stepping ~*~*~tactically~*~*~ (stealth).
  4656 | D:5      | 4656 ||| INVOKING Berserk.
  4660 | D:5      | Reached skill level 1 in Throwing
  4782 | D:5      | Found a burning altar of Makhleb.
  4796 | D:5      | Reached XP level 8. HP: 48/49 MP: 8/8
  5081 | D:5      | 5081 ||| Stepping ~*~*~tactically~*~*~ (stealth).
  5303 | D:5      | 5303 ||| INVOKING Berserk.
  5313 | D:5      | Reached skill level 8 in Axes
  5752 | D:5      | 5752 ||| UPGRADING to +0 pair of gloves.
  5757 | D:5      | 5757 ||| READING scroll labelled OPTEQA TOCYJ.
  5758 | D:5      | 5758 ||| READING scroll labelled JOLEM GUEVOA.
  6253 | D:6      | 6253 ||| INVOKING Berserk.
  6253 | D:6      | HP: 17/75 [kobold brigand/+2 bardiche of protection (12)]
  6256 | D:6      | Reached skill level 6 in Fighting
  6755 | D:6      | 6755 ||| INVOKING Berserk.
  6879 | D:6      | Found a staircase to the Ecumenical Temple.
  7291 | D:7      | Reached skill level 9 in Axes
  7291 | D:7      | Reached XP level 9. HP: 49/55 MP: 9/9
  7291 | D:7      | 7291 ||| STAIRDANCE
  7331 | D:7      | Identified the +11 hand axe "Teycoxo" {vorpal, rPois}
  7333 | D:7      | 7333 ||| SWAPPING to +11 hand axe "Teycoxo" {vorpal,
                  | rPois}.
  7334 | D:7      | 7334 ||| DROPPING +1 hand axe of venom.
  7356 | D:7      | 7356 ||| SWAPPING to +0 vorpal war axe.
  7357 | D:7      | 7357 ||| DROPPING +11 hand axe "Teycoxo" {vorpal, rPois}.
  7363 | D:7      | Noticed Prince Ribbit
  7364 | D:7      | 7364 ||| INVOKING Berserk.
  7384 | D:7      | Killed Prince Ribbit
  7576 | D:7      | 7576 ||| Stepping ~*~*~tactically~*~*~ (stealth).
  7614 | D:7      | Noticed Menkaure
  7616 | D:7      | 7616 ||| INVOKING Berserk.
  7617 | D:7      | Killed Menkaure
  7707 | D:7      | 7707 ||| Stepping ~*~*~tactically~*~*~ (stealth).
  7710 | D:7      | 7710 ||| Stepping ~*~*~tactically~*~*~ (hiding).
  7715 | D:7      | Noticed Joseph
  7716 | D:7      | 7716 ||| Stepping ~*~*~tactically~*~*~ (hiding).
  7718 | D:7      | 7718 ||| INVOKING Berserk.
  7731 | D:7      | Killed Joseph
  7901 | D:7      | 7901 ||| INVOKING Berserk.
  7905 | D:7      | Reached skill level 10 in Axes
  8179 | D:7      | 8179 ||| Stepping ~*~*~tactically~*~*~ (stealth).
  8180 | D:7      | 8180 ||| Stepping ~*~*~tactically~*~*~ (stealth).
  8390 | D:7      | 8390 ||| DROPPING +0 flail.
  8417 | D:7      | 8417 ||| DROPPING amulet of magic regeneration.
  8475 | D:8      | 8475 ||| Stepping ~*~*~tactically~*~*~ (stealth).
  8481 | D:8      | 8481 ||| Stepping ~*~*~tactically~*~*~ (stealth).
  8485 | D:8      | 8485 ||| Stepping ~*~*~tactically~*~*~ (hiding).
  8492 | D:8      | 8492 ||| INVOKING Berserk.
  8589 | D:8      | 8589 ||| Stepping ~*~*~tactically~*~*~ (stealth).
  8590 | D:8      | 8590 ||| Stepping ~*~*~tactically~*~*~ (stealth).
  8638 | D:8      | 8638 ||| Stepping ~*~*~tactically~*~*~ (stealth).
  8639 | D:8      | 8639 ||| Stepping ~*~*~tactically~*~*~ (stealth).
  8641 | D:8      | 8641 ||| Stepping ~*~*~tactically~*~*~ (hiding).
  8648 | D:8      | 8648 ||| INVOKING Berserk.
  8658 | D:8      | Reached skill level 6 in Armour
  8674 | D:8      | Reached XP level 10. HP: 40/64 MP: 10/10
  8696 | D:8      | 8696 ||| FLEEEEING.
  8697 | D:8      | 8697 ||| FLEEEEING.
  8698 | D:8      | 8698 ||| FLEEEEING.
  8699 | D:8      | 8699 ||| FLEEEEING.
  8700 | D:8      | 8700 ||| FLEEEEING.
  8701 | D:8      | 8701 ||| FLEEEEING.
  8702 | D:8      | 8702 ||| FLEEEEING.
  8703 | D:8      | 8703 ||| FLEEEEING.
  8704 | D:8      | 8704 ||| FLEEEEING.
  8705 | D:8      | 8705 ||| FLEEEEING.
  8706 | D:8      | 8706 ||| FLEEEEING.
  8707 | D:8      | 8707 ||| FLEEEEING.
  8708 | D:8      | 8708 ||| FLEEEEING.
  8709 | D:8      | 8709 ||| FLEEEEING.
  8710 | D:8      | 8710 ||| FLEEEEING.
  8711 | D:8      | 8711 ||| FLEEEEING.
  8712 | D:8      | 8712 ||| FLEEEEING.
  8714 | D:8      | 8714 ||| FLEEEEING.
  8715 | D:8      | 8715 ||| FLEEEEING.
  8717 | D:8      | 8717 ||| FLEEEEING.
  8718 | D:8      | 8718 ||| FLEEEEING.
  8719 | D:8      | 8719 ||| FLEEEEING.
  8720 | D:8      | 8720 ||| FLEEEEING.
  8721 | D:8      | 8721 ||| FLEEEEING.
  8722 | D:8      | 8722 ||| FLEEEEING.
  8723 | D:8      | 8723 ||| FLEEEEING.
  8724 | D:8      | 8724 ||| FLEEEEING.
  8725 | D:8      | 8725 ||| FLEEEEING.
  8726 | D:8      | 8726 ||| FLEEEEING.
  8727 | D:8      | 8727 ||| FLEEEEING.
  8728 | D:8      | 8728 ||| FLEEEEING.
  8729 | D:8      | 8729 ||| FLEEEEING.
  8730 | D:8      | 8730 ||| FLEEEEING.
  8732 | D:8      | 8732 ||| FLEEEEING.
  8733 | D:8      | 8733 ||| FLEEEEING.
  8734 | D:8      | 8734 ||| FLEEEEING.
  8735 | D:8      | 8735 ||| FLEEEEING.
  8736 | D:8      | 8736 ||| FLEEEEING.
  8737 | D:8      | 8737 ||| FLEEEEING.
  8738 | D:8      | 8738 ||| STAIRDANCE
  8787 | D:7      | 8787 ||| READING 2 scrolls of identify.
  8787 | D:7      | 8787 ||| IDENTIFYING fizzy pink potion
  8788 | D:7      | 8788 ||| DROPPING potion of invisibility.
  8824 | D:8      | Found Nadutsuc's Armour Shoppe.
  8832 | D:8      | 8832 ||| SHOPLISTING +1 plate armour of fire resistance
                  | (420 gold, have 388).
  9263 | D:8      | 9263 ||| UPGRADING to +0 plate armour.
  9273 | D:8      | 9273 ||| DROPPING +0 chain mail.
  9274 | D:8      | 9274 ||| DRINKING 3 lumpy puce potions.
  9275 | D:8      | 9275 ||| READING 2 scrolls of identify.
  9275 | D:8      | 9275 ||| IDENTIFYING smoky green potion
  9276 | D:8      | 9276 ||| DROPPING 2 potions of flight.
  9325 | D:9      | Identified the +6 mace of Exhibitionism {antimagic, Dex+5}
  9488 | D:9      | Found Veutivon's Antique Armour Boutique.
  9496 | D:9      | 9496 ||| BUYING buckler (112 gold).
  9496 | D:9      | Bought a buckler for 112 gold pieces
  9496 | D:9      | 9496 ||| SHOPLISTING runed plate armour (650 gold, have
                  | 308).
  9518 | D:9      | 9518 ||| Stepping ~*~*~tactically~*~*~ (stealth).
  9544 | D:9      | 9544 ||| Stepping ~*~*~tactically~*~*~ (stealth).
  9692 | D:9      | 9692 ||| Stepping ~*~*~tactically~*~*~ (hiding).
  9750 | D:9      | 9750 ||| INVOKING Berserk.
  9989 | D:9      | Noticed a death yak
  9990 | D:9      | 9990 ||| Stepping ~*~*~tactically~*~*~ (stealth).
  9993 | D:9      | 9993 ||| Stepping ~*~*~tactically~*~*~ (stealth).
  9997 | D:9      | 9997 ||| INVOKING Berserk.
 10010 | D:9      | Killed a death yak
 10011 | D:9      | Reached skill level 11 in Axes
 10011 | D:9      | Noticed a death yak
 10015 | D:9      | HP: 13/64 [death yak (11)]
 10016 | D:9      | 10016 ||| READING scroll of teleportation.
 10016 | D:9      | HP: 4/64 [death yak (10)]
 10016 | D:9      | Noticed a death yak
 10017 | D:9      | 10017 ||| DRINKING 2 potions of heal wounds.
 10201 | D:9      | 10201 ||| Stepping ~*~*~tactically~*~*~ (stealth).
 10203 | D:9      | 10203 ||| Stepping ~*~*~tactically~*~*~ (stealth).
 10206 | D:9      | 10206 ||| Stepping ~*~*~tactically~*~*~ (stealth).
 10207 | D:9      | 10207 ||| INVOKING Berserk.
 10216 | D:9      | Killed a death yak
 10217 | D:9      | Reached skill level 9 in Fighting
 10219 | D:9      | Killed a death yak
 10368 | D:9      | 10368 ||| Stepping ~*~*~tactically~*~*~ (stealth).
 10379 | D:9      | Found a staircase to the Lair.
 10526 | D:9      | 10526 ||| PLANNING LAIR
 10526 | D:9      | 10526 ||| UPGRADING to +0 buckler.
 10561 | Lair:1   | Entered Level 1 of the Lair of Beasts
 10577 | Lair:1   | Reached skill level 3 in Shields
 10577 | Lair:1   | Reached XP level 11. HP: 41/71 MP: 11/11
 10582 | Lair:1   | Reached **** piety under Trog
 10622 | Lair:1   | 10622 ||| INVOKING Berserk.
 10864 | Lair:1   | Reached skill level 12 in Axes
 10871 | Lair:1   | 10871 ||| Stepping ~*~*~tactically~*~*~ (stealth).
 10872 | Lair:1   | 10872 ||| Stepping ~*~*~tactically~*~*~ (stealth).
 10873 | Lair:1   | 10873 ||| Stepping ~*~*~tactically~*~*~ (stealth).
 10874 | Lair:1   | 10874 ||| Stepping ~*~*~tactically~*~*~ (stealth).
 10886 | Lair:1   | 10886 ||| INVOKING Berserk.
 10893 | Lair:1   | HP: 18/106 [elephant (10)]
 10894 | Lair:1   | Reached skill level 6 in Shields
 10903 | Lair:1   | HP: 8/106 [elephant (11)]
 10905 | Lair:1   | Reached skill level 9 in Armour
 11251 | Lair:1   | You fall into a shaft and drop 1 floor!
 11261 | Lair:2   | 11261 ||| INVOKING Berserk.
 11385 | Lair:2   | 11385 ||| READING 3 scrolls of brand weapon.
 11385 | Lair:2   | 11385 ||| BRANDING +0 vorpal war axe.
 11386 | Lair:2   | 11386 ||| READING 2 scrolls of brand weapon.
 11386 | Lair:2   | 11386 ||| BRANDING +0 war axe of protection.
 11387 | Lair:2   | 11387 ||| DROPPING +0 morningstar.
 11388 | Lair:2   | 11388 ||| READING scroll of brand weapon.
 11388 | Lair:2   | 11388 ||| BRANDING +0 war axe of flaming.
 11420 | Lair:2   | 11420 ||| INVOKING Berserk.
 11429 | Lair:2   | Noticed a five-headed hydra
 11440 | Lair:2   | 11440 ||| INVOKING Brothers in Arms.
 11441 | Lair:2   | 11441 ||| INVOKING Brothers in Arms.
 11442 | Lair:2   | 11442 ||| INVOKING Brothers in Arms.
 11444 | Lair:2   | Killed a six-headed hydra
 11446 | Lair:2   | HP: 18/72 [yak (3)]
 11446 | Lair:2   | Noticed an eight-headed hydra
 11447 | Lair:2   | Reached XP level 12. HP: 19/77 MP: 12/12
 11447 | Lair:2   | 11447 ||| DRINKING potion of heal wounds.
 11451 | Lair:2   | Noticed a catoblepas
 11452 | Lair:2   | HP: 8/77 [yak[a torpor snail] (6)]
 11452 | Lair:2   | Slain by a nine-headed hydra

Levels and vault maps discovered:
D:1:      roderic_dead_forest, layout_basic
D:2:      layout_basic, shapermc_ecumenical_altar_mp_urbaneastern, serial_shops,
          shop
D:3:      minmay_chambers_of_twos, layout_basic,
          nicolae_ru_the_path_less_chosen, gup_sewer_entry_bubbles
D:4:      layout_cave_pools
D:5:      layout_layer_cave, mainiacjoe_overflow_large_starburst, bloody_trog,
          kennysheep_generic_room_11
D:6:      layout_loops_corners, minmay_temple_entry_junction
D:7:      lemuel_ice_spiral_2, layout_basic, uniq_prince_ribbit1, uniq_menkaure,
          uniq_joseph
D:8:      layout_rooms, serial_shops, nicolae_shop_stone, enter_bailey_7
D:9:      layout_loops_cross, dpeg_lair_monsters, serial_shops, shop_fountains
Lair:1:   layout_small_grid
Lair:2:   layout_regular_city, minmay_swamp_entry_reptiles,
          dpeg_stationary_puzzle

Skill      XL: |  1  2  3  4  5  6  7  8  9 10 11 |
---------------+----------------------------------+-----
Axes           | 3 4 5 6 7 9 10 11 12 | 12.9
Fighting       | 4 5 6 8 9 10 | 10.0
Armour         | 3 4 6 8 9 |  9.0
Throwing       | 1 |  1.2
Shields        | 3 6 |  6.0
Dodging        | 2 |  2.3

Action                   |  1- 3 |  4- 6 |  7- 9 | 10-12 || total
-------------------------+-------+-------+-------+-------++-------
Melee: Hand axe          |   129 |   199 |   124 |       ||   452
       Punch             |       |     3 |     3 |     3 ||     9
       War axe           |       |       |    96 |   210 ||   306
Throw: Boomerang         |       |    14 |    42 |    10 ||    66
Invok: Berserk           |       |     4 |    12 |     7 ||    23
       Brothers in Arms  |       |       |       |     1 ||     1
  Use: Scroll            |     3 |     8 |     2 |     6 ||    19
       Potion            |       |     6 |       |     3 ||     9
 Stab: Distracted        |       |       |       |     1 ||     1
Armor: Animal skin       |    29 |       |       |       ||    29
       Chain mail        |    15 |    97 |   117 |    15 ||   244
       Plate armour      |       |       |       |   170 ||   170
Dodge: Dodged            |    66 |    77 |    80 |    89 ||   312
Block: Buckler           |       |       |       |    33 ||    33

Table legend:
 A = Non-vault XP
 B = Vault XP
 C = Vault XP percentage of total XP
 D = Non-vault monster count
 E = Vault monster count
 F = Vault count percentage of total count
                 A         B        C        D         E       F
            +---------+---------+-------+---------+---------+-------
      Total |   14596 |    4719 |  24.4 |     198 |      40 |  16.8
            +---------+---------+-------+---------+---------+-------
        D:1 |      57 |       0 |   0.0 |      33 |       0 |   0.0
        D:2 |      70 |       0 |   0.0 |      21 |       0 |   0.0
        D:3 |      59 |      45 |  43.3 |      17 |      16 |  48.5
        D:4 |     659 |       0 |   0.0 |      25 |       0 |   0.0
        D:5 |     650 |      16 |   2.4 |      14 |       2 |  12.5
        D:6 |     779 |       0 |   0.0 |      16 |       0 |   0.0
        D:7 |     988 |     903 |  47.8 |      16 |       3 |  15.8
        D:8 |     709 |      33 |   4.4 |      12 |       4 |  25.0
        D:9 |    1141 |    2522 |  68.9 |      12 |      11 |  47.8
     Lair:1 |    5984 |       0 |   0.0 |      18 |       0 |   0.0
     Lair:2 |    3500 |    1200 |  25.5 |      14 |       4 |  22.2
            +---------+---------+-------+---------+---------+-------
